[Event "Titled Tuesday Blitz May 30 Early 2023"]
[White "Dinu, Dumitru-Daniel"]
[Black "Garv Gaur"]
[WhiteFideId "1208403"]
[BlackFideId "45030839"]
[WhiteElo "2240"]
[BlackElo "2068"]
[Result "1-0"]
[Round "11"]
[TimeControl "180+2"]
[Date "2023.05.30"]
[WhiteClock "0:00:19"]
[BlackClock "0:01:04"]

1. e4 c6 2. Ne2 d5 3. e5 c5 4. d4 cxd4 5. Nxd4 e6 6. c3 Ne7 7. Bg5 Qb6 8. Qb3 Qxb3 9. axb3 Nec6 10. Nb5 Kd7 11. f4 Bc5 12. Nd2 Na6 13. b4 Bb6 14. Nd6 Rf8 15. b5 Nc7 16. bxc6+ bxc6 17. Bh4 f6 18. Nxc8 Raxc8 19. exf6 gxf6 20. Bf2 Ra8 21. Bd3 e5 22. Bf5+ Kd6 23. O-O h6 24. Rfe1 e4 25. Nb3 c5 26. Rad1 Kc6 27. c4 Rfe8 28. cxd5+ Nxd5 29. Bxe4 Rad8 30. Rxd5 Rxd5 31. Bxd5+ Kxd5 32. Rxe8 c4 33. Bxb6 axb6 34. Nd2 b5 35. Rd8+ Kc5 36. Nf3 Kb4 37. Rd2 Kb3 38. Nd4+ Kb4 39. g4 Kc5 40. h4 b4 41. Ne2 c3 42. bxc3 b3 43. Rb2 Kc4 44. g5 hxg5 45. fxg5 fxg5 46. hxg5 Kd5 47. Rxb3 Ke6 48. Rb5 Kf7 49. Kf2 Kg7 50. Kg3 Kf7 51. Kf4 Kg7 52. Kf5 Kf7 53. Rb7+ Ke8 54. Ke6 Kd8 55. Kd6 Ke8 56. g6 Kf8 57. Ke6 Kg8 58. Kf6 Kf8 59. Rb8# 1-0


[Site "https://www.chess.com"]

[Event "Titled Tuesday Blitz May 30 Early 2023"]
[White "Kovalevsky, Stanislav"]
[Black "Degenbaev, Aziz"]
[WhiteFideId "13508598"]
[BlackFideId "13802640"]
[WhiteElo "2174"]
[BlackElo "2152"]
[Result "0-1"]
[Round "11"]
[TimeControl "180+2"]
[Date "2023.05.30"]
[WhiteClock "0:00:05"]
[BlackClock "0:00:10"]

1. c4 Nf6 2. Nc3 g6 3. g3 Bg7 4. Bg2 c5 5. a3 Nc6 6. Rb1 O-O 7. b4 cxb4 8. axb4 a6 9. Nf3 Rb8 10. b5 axb5 11. Nxb5 d5 12. cxd5 Nxd5 13. O-O Bg4 14. h3 Bd7 15. d4 Ncb4 16. Bd2 Bxb5 17. Bxb4 Nxb4 18. Rxb4 Bc6 19. Qb3 Qd6 20. e3 b5 21. Nd2 Bxg2 22. Kxg2 e6 23. Kg1 Qc6 24. Rb1 e5 25. d5 Qc5 26. Rxb5 Rxb5 27. Qxb5 Qc2 28. Qb2 Qd3 29. e4 Bh6 30. Rd1 Rc8 31. Qb1 Rc2 32. Nf1 Qe2 33. Qb8+ Bf8 34. Rd2 Rxd2 35. Nxd2 Qxd2 36. Qxe5 h5 37. Kg2 Bc5 38. Qb8+ Kh7 39. Qf4 Qxf4 40. gxf4 Kg7 41. e5 Kf8 42. Kf3 Ke7 43. Ke2 f6 44. f3 Bd4 45. Kd3 fxe5 46. Ke4 Kd6 47. f5 gxf5+ 48. Kxf5 Kxd5 49. Kg5 Ke6 50. h4 Be3+ 51. Kg6 Bd2 52. Kxh5 Kf5 53. f4 exf4 54. Kh6 f3+ 55. Kg7 f2 56. h5 f1=Q 57. h6 Bc3+ 58. Kf7 Qc4+ 59. Kf8 Kg6 60. h7 Qf7# 0-1


[Site "https://www.chess.com"]

[Event "Titled Tuesday Blitz May 30 Early 2023"]
[White "Parpiev, Isaak"]
[Black "ChawitAp"]
[WhiteFideId "34281576"]
[WhiteElo "2115"]
[BlackElo "2431"]
[Result "0-1"]
[Round "11"]
[TimeControl "180+2"]
[Date "2023.05.30"]
[WhiteClock "0:00:08"]
[BlackClock "0:00:08"]

1. e4 c6 2. d4 g6 3. h4 h5 4. c4 d5 5. exd5 cxd5 6. cxd5 Nf6 7. Nc3 Nxd5 8. Bc4 Nxc3 9. bxc3 Bg7 10. Nf3 O-O 11. Ng5 e6 12. Bd2 a6 13. g4 b5 14. Bd3 Bb7 15. Rg1 hxg4 16. Qxg4 Nd7 17. Nxf7 Rxf7 18. Bxg6 Re7 19. Bg5 Nf8 20. h5 Qc7 21. Rc1 Nxg6 22. Bxe7 Qxe7 23. Qxg6 Kh8 24. h6 Bf6 25. Rg3 e5 26. dxe5 Qxe5+ 27. Re3 Qg5 28. Qf7 Qg1+ 29. Kd2 Qxf2+ 30. Re2 Bxc3+ 31. Rxc3 Qxf7 32. Rd3 Qxa2+ 33. Ke3 Qe6+ 34. Kf2 Qf5+ 35. Ke3 Be4 36. Rd4 Qf3+ 37. Kd2 Bc6 38. h7 Kxh7 39. Rh4+ Kg6 40. Reh2 Rd8+ 41. Kc1 Qf1+ 42. Kc2 Be4+ 43. Kc3 Qd3+ 44. Kb4 Rd4+ 45. Ka5 Ra4+ 46. Kb6 Qd6+ 47. Ka7 Qc7# 0-1


[Site "https://www.chess.com"]

[Event "Titled Tuesday Blitz May 30 Early 2023"]
[White "Golubev, Mikhail"]
[Black "Hajiyev, Kanan"]
[WhiteFideId "14100983"]
[BlackFideId "13404148"]
[WhiteElo "2374"]
[BlackElo "2103"]
[Result "1-0"]
[Round "11"]
[TimeControl "180+2"]
[Date "2023.05.30"]
[WhiteClock "0:00:15"]
[BlackClock "0:00:00"]

1. e4 a6 2. c4 c5 3. Nf3 Nc6 4. Nc3 d6 5. d4 cxd4 6. Nxd4 e5 7. Nc2 Be6 8. Be2 h6 9. O-O Nf6 10. Be3 Rc8 11. Nd5 Bxd5 12. cxd5 Nb8 13. f4 exf4 14. Bxf4 Be7 15. Nd4 O-O 16. Nf5 Nxe4 17. Bd3 Nf6 18. Qf3 Nbd7 19. Qg3 Nh5 20. Nxh6+ Kh8 21. Nxf7+ Rxf7 22. Qg6 Nhf6 23. Qxf7 Qf8 24. Qg6 Qe8 25. Qxe8+ Rxe8 26. Rae1 Nxd5 27. Bxd6 N7f6 28. Bg6 Bxd6 29. Bxe8 Bc5+ 30. Kh1 Kg8 31. Bg6 Ne3 32. Rf3 Ned5 33. Rc1 b6 34. a3 a5 35. Rb3 Kf8 36. Re1 a4 37. Rd3 Ng4 38. Rxd5 Nf2+ 39. Kg1 Ne4+ 40. Kf1 1-0


[Site "https://www.chess.com"]

[Event "Titled Tuesday Blitz May 30 Early 2023"]
[White "Moral Garcia, Serafin"]
[Black "Estrada Nieto, Julian"]
[WhiteFideId "2201925"]
[BlackFideId "5101018"]
[WhiteElo "2274"]
[BlackElo "2161"]
[Result "1/2-1/2"]
[Round "11"]
[TimeControl "180+2"]
[Date "2023.05.30"]
[WhiteClock "0:00:20"]
[BlackClock "0:00:08"]

1. c4 e5 2. Nc3 Nf6 3. Nf3 Nc6 4. g3 d5 5. cxd5 Nxd5 6. Bg2 Nb6 7. d3 Be7 8. O-O O-O 9. Be3 Be6 10. a3 a5 11. Rc1 Nd5 12. Nxd5 Bxd5 13. Bc5 Re8 14. Qa4 Bf6 15. Nd2 Bxg2 16. Kxg2 Nd4 17. Bxd4 exd4 18. Ne4 Be7 19. Qc4 c6 20. Rc2 a4 21. e3 Ra5 22. Qxd4 Qxd4 23. exd4 Rd8 24. Re1 Rxd4 25. Nc5 Rxc5 26. Rxe7 Kf8 27. Rce2 g6 28. Rxb7 Rxd3 29. Rb4 Ra5 30. Rc4 c5 31. Re5 Rb3 32. Rexc5 Rxc5 33. Rxc5 Rxb2 34. Ra5 Ra2 35. Rxa4 h5 36. h4 Kg7 37. Kf3 Kf6 38. Ra6+ Ke5 39. a4 Ra3+ 40. Kg2 Ra2 41. a5 Ra3 42. Ra7 Kf6 43. a6 Ra2 44. Ra8 Kf5 45. Ra7 f6 46. Kf3 Ra3+ 47. Ke2 Ra2+ 48. Ke3 Ra3+ 49. Kd4 Ra2 50. Kc4 Rxf2 51. Rb7 Ra2 52. a7 g5 53. Kb5 Kg4 54. Rg7 Kxg3 55. hxg5 fxg5 56. Rxg5+ Kh4 57. Rg7 Kh3 58. Kb6 h4 59. Rg5 Rxa7 60. Kxa7 Kh2 61. Kb6 h3 62. Kc5 Kh1 63. Kd4 h2 64. Ke3 1/2-1/2


[Site "https://www.chess.com"]

[Event "Titled Tuesday Blitz May 30 Early 2023"]
[White "Harriott, Tyrell"]
[Black "Sadovsky, Artem"]
[WhiteFideId "2086484"]
[BlackFideId "4155840"]
[WhiteElo "2107"]
[BlackElo "2314"]
[Result "1-0"]
[Round "11"]
[TimeControl "180+2"]
[Date "2023.05.30"]
[WhiteClock "0:02:34"]
[BlackClock "0:00:00"]

1. d4 g6 2. e3 Bg7 3. Bd3 d6 4. f4 e5 5. Ne2 exd4 6. exd4 Nf6 7. O-O O-O 8. f5 Nc6 9. c3 Re8 10. Qe1 Qe7 11. Qg3 Ne4 12. Bxe4 Qxe4 13. fxg6 hxg6 14. Nf4 Bf5 15. Na3 a6 16. Nc4 Rad8 17. Ne3 Qe7 18. Nxf5 gxf5 19. Nh5 f6 20. Bh6 1-0


[Site "https://www.chess.com"]

[Event "Titled Tuesday Blitz May 30 Early 2023"]
[White "Staudenhocker43"]
[Black "Topalov, Aleksandar"]
[BlackFideId "925659"]
[WhiteElo "2525"]
[BlackElo "2151"]
[Result "1/2-1/2"]
[Round "11"]
[TimeControl "180+2"]
[Date "2023.05.30"]
[WhiteClock "0:01:18"]
[BlackClock "0:00:45"]

1. Nf3 Nf6 2. b3 g6 3. Bb2 Bg7 4. c4 O-O 5. g3 a5 6. Nc3 Na6 7. Bg2 Nc5 8. d4 Nce4 9. Nxe4 Nxe4 10. Qc2 f5 11. O-O a4 12. Nd2 Nxd2 13. Qxd2 d6 14. d5 Bxb2 15. Qxb2 Bd7 16. f4 c5 17. dxc6 Bxc6 18. Bxc6 bxc6 19. b4 Qb6+ 20. Kg2 a3 21. Qc3 Ra4 22. Rab1 Rb8 23. b5 Qc5 24. bxc6 Qxc6+ 25. Kh3 Rc8 26. Qe3 Kf7 27. Rfc1 Rxc4 28. Rxc4 Qxc4 29. Rb7 Qe6 30. Qxa3 Qxe2 31. Qb3+ Kg7 32. a4 Rc2 33. Rxe7+ Kh6 34. Rxh7+ Kxh7 35. Qf7+ Kh8 36. Qf8+ Kh7 37. Qf7+ Kh6 38. Qf8+ Kh7 39. Qf7+ 1/2-1/2


[Site "https://www.chess.com"]

[Event "Titled Tuesday Blitz May 30 Early 2023"]
[White "Szente Varga, Fruzsina"]
[Black "Chylewski, Patryk"]
[WhiteFideId "712264"]
[BlackFideId "1186191"]
[WhiteElo "1994"]
[BlackElo "2163"]
[Result "0-1"]
[Round "11"]
[TimeControl "180+2"]
[Date "2023.05.30"]
[WhiteClock "0:00:18"]
[BlackClock "0:00:11"]

1. e4 c6 2. d4 d5 3. exd5 cxd5 4. Bd3 Nc6 5. c3 Nf6 6. Ne2 Bg4 7. h3 Bh5 8. O-O e6 9. Re1 Be7 10. Qc2 Rc8 11. Nf4 Bg6 12. Bxg6 hxg6 13. Nd2 Nxd4 14. Qa4+ Nc6 15. Nf3 O-O 16. Ng5 Qa5 17. Qd1 Rcd8 18. Nfxe6 fxe6 19. Nxe6 d4 20. Nxf8 Bxf8 21. cxd4 Nxd4 22. Be3 Nf5 23. Qb3+ Kh7 24. Bg5 Qb4 25. Bxf6 gxf6 26. Qf7+ Bg7 27. Rad1 Rf8 28. Qb3 Qxb3 29. axb3 Rf7 30. g4 Nh4 31. Re6 Nf3+ 32. Kg2 Ne5 33. f4 Nc6 34. Red6 Re7 35. R1d2 f5 36. Rd7 Kg8 37. Rxe7 Nxe7 38. Rd7 Kf7 39. Rxb7 Bxb2 40. Rxa7 Bd4 41. Rb7 Ke6 42. Kf3 Nd5 43. gxf5+ gxf5 44. h4 Nf6 45. Rb4 Bc5 46. Rb5 Bd6 47. Rb6 Nh5 48. b4 Kd5 49. Rb5+ Ke6 50. Rb6 Kd5 51. Ra6 Ke6 52. b5 Kd7 53. Ra7+ Kc8 54. Rf7 Nxf4 55. Rxf5 Ng6 56. Rf6 Nxh4+ 57. Kg4 Be7 58. Rc6+ Kb7 59. Rh6 Bd8 60. Rh7+ Kc8 61. Rh8 Kc7 62. Kf4 Kd7 63. Ke5 Ng6+ 64. Kd5 Nxh8 65. Kc5 Nf7 66. Kd5 Nd6 67. Kc5 Nc8 68. Kd5 Bb6 69. Kc4 Kd6 70. Kd3 Kd5 71. Ke2 Kc5 72. Kf3 Kxb5 73. Ke4 Kc4 74. Ke5 Bd4+ 75. Ke6 Nb6 76. Kf5 Kd5 77. Kf4 Nd7 78. Kf5 Ne5 79. Kf4 Bc5 80. Kf5 Be7 81. Kf4 Nc4 82. Kf5 Ne3+ 83. Kf4 Kd4 84. Kf3 Bd6 85. Ke2 Ke4 86. Kd2 Bb4+ 87. Ke2 Nf5 88. Kf2 Bc5+ 89. Ke2 Ng3+ 90. Kd2 Bd4 91. Kc2 Kd5 92. Kd3 Nf5 93. Ke2 Ke4 94. Kd2 Ne3 95. Ke2 Bc3 96. Kf2 Nf5 97. Ke2 Ng3+ 98. Kf2 Kf4 99. Kg2 Bd4 100. Kh3 Be3 101. Kg2 Kg4 102. Kh2 Kf3 103. Kh3 Bg1 104. Kh4 Ne4 105. Kh5 Kf4 106. Kh6 Ng5 107. Kg6 Bd4 108. Kh5 Kf5 109. Kh4 Bf2+ 110. Kh5 Ne6 111. Kh6 Be1 112. Kh5 Ng7+ 113. Kh6 Kf6 114. Kh7 Kf7 115. Kh6 Bd2+ 116. Kh7 Ne6 117. Kh8 Be3 118. Kh7 Nf8+ 119. Kh8 Bd4# 0-1


[Site "https://www.chess.com"]

[Event "Titled Tuesday Blitz May 30 Early 2023"]
[White "Fajdetic, Hrvoje"]
[Black "Jaskolka, Tomasz"]
[WhiteFideId "14501945"]
[BlackFideId "1170791"]
[WhiteElo "2185"]
[BlackElo "2155"]
[Result "1-0"]
[Round "11"]
[TimeControl "180+2"]
[Date "2023.05.30"]
[WhiteClock "0:00:07"]
[BlackClock "0:00:25"]

1. d4 d5 2. Bf4 h5 3. h3 g6 4. e3 Bg7 5. Nf3 Nf6 6. c4 c6 7. Nc3 Be6 8. Ng5 Bf5 9. Qb3 Qb6 10. cxd5 Qxb3 11. axb3 cxd5 12. Nb5 Na6 13. Rxa6 bxa6 14. Nc7+ Kd7 15. Nxa8 Rxa8 16. Nxf7 Ke8 17. Ne5 Ne4 18. Bxa6 Rb8 19. Nxg6 Rxb3 20. Nh4 Bd7 21. O-O Rxb2 22. f3 Nc3 23. Ra1 Bf6 24. Ng6 Bb5 25. Bxb5+ Nxb5 26. Ne5 e6 27. Ra6 Bxe5 28. Bxe5 Kd7 29. g4 hxg4 30. hxg4 Re2 31. Bf4 Ke7 32. g5 Kf7 33. Ra5 Rb2 34. Ra6 Kg7 35. Rxe6 a5 36. Re5 Nc3 37. Re7+ Kg6 38. Re6+ Kf7 39. Rf6+ Ke7 40. Ra6 a4 41. g6 Kf8 42. Bd6+ Kg7 43. Be5+ Kh6 44. g7+ Kh7 45. Ra8 Ne2+ 46. Kf1 Ng3+ 47. Ke1 Re2+ 48. Kd1 Nf5 49. Rh8+ Kg6 50. g8=Q+ Ng7 51. Qxg7+ Kf5 52. Rh5+ Ke6 53. Qf6+ Kd7 54. Rh7+ Kc8 55. Qh8# 1-0


[Site "https://www.chess.com"]

[Event "Titled Tuesday Blitz May 30 Early 2023"]
[White "Avalos Parra, Joao"]
[Black "Liu, Casper"]
[WhiteFideId "3402541"]
[BlackFideId "1454153"]
[WhiteElo "2173"]
[BlackElo "2221"]
[Result "0-1"]
[Round "11"]
[TimeControl "180+2"]
[Date "2023.05.30"]
[WhiteClock "0:00:00"]
[BlackClock "0:01:03"]

1. d4 d5 2. c4 dxc4 3. e4 Nd7 4. Bxc4 e5 5. Nf3 Bb4+ 6. Nbd2 Ne7 7. Bxf7+ Kxf7 8. Ng5+ Kg6 9. Ne6 Nf6 10. Nxd8 Rxd8 11. O-O Rxd4 12. Qe2 Bg4 13. f3 Be6 14. Re1 Rad8 15. Nb3 R4d7 16. Rf1 a5 17. Be3 b6 18. Rad1 a4 19. Nc1 Nc6 20. a3 Bd6 21. h4 Na5 22. Rfe1 Nc4 23. Nd3 Nh5 24. Bf2 b5 25. g4 Nf6 26. Nc5 Bxc5 27. Bxc5 Rd2 28. Rxd2 Rxd2 29. h5+ Kf7 30. Qf1 Rxb2 31. Rd1 Nd7 32. Bb4 c5 33. Bc3 Rc2 34. Qd3 Ra2 35. Be1 Nb2 36. Qe2 Nxd1 37. Qxd1 Nb6 38. Qd6 Nd7 39. Bh4 Nf6 40. h6 Ra1+ 41. Kf2 Ra2+ 42. Kg3 Rxa3 43. hxg7 Nxe4+ 44. Kh2 Nxd6 0-1


[Site "https://www.chess.com"]

[Event "Titled Tuesday Blitz May 30 Early 2023"]
[White "Goffredo_Fofi"]
[Black "Sovetbekova, Nurai"]
[BlackFideId "13801910"]
[WhiteElo "2498"]
[BlackElo "1857"]
[Result "0-1"]
[Round "11"]
[TimeControl "180+2"]
[Date "2023.05.30"]
[WhiteClock "0:00:12"]
[BlackClock "0:00:13"]

1. d4 Nf6 2. Nf3 e6 3. Bf4 d5 4. e3 c5 5. c3 Nc6 6. Nbd2 Nh5 7. Bg5 Qb6 8. Ne5 Nf6 9. Nxc6 bxc6 10. Bxf6 gxf6 11. Rb1 cxd4 12. exd4 c5 13. dxc5 Bxc5 14. Qf3 Rg8 15. a4 Bb7 16. Bb5+ Ke7 17. b4 Bd6 18. Bf1 d4 19. Qd3 dxc3 20. Qxc3 Rac8 21. Nc4 Qc7 22. Qe3 Bxg2 23. Nxd6 Qxd6 24. Bxg2 Rxg2 25. Kf1 Rg5 26. Qxa7+ Rc7 27. Qe3 Re5 28. Qf3 Qa6+ 29. Kg2 Rg5+ 30. Kh3 e5 31. Rhd1 Qe6+ 32. Kh4 Rc4+ 0-1


[Site "https://www.chess.com"]

[Event "Titled Tuesday Blitz May 30 Early 2023"]
[White "rionelG"]
[Black "Janaszak, Dawid"]
[BlackFideId "1119206"]
[WhiteElo "2161"]
[BlackElo "2220"]
[Result "0-1"]
[Round "11"]
[TimeControl "180+2"]
[Date "2023.05.30"]
[WhiteClock "0:00:00"]
[BlackClock "0:00:39"]

1. e4 e5 2. Nf3 Nc6 3. d4 exd4 4. Nxd4 Bb4+ 5. c3 Bc5 6. Nf5 Qf6 7. Be3 Bxe3 8. Nxe3 Nge7 9. Qd2 O-O 10. c4 d6 11. Nc3 Qg6 12. Be2 f5 13. exf5 Nxf5 14. Ncd5 Nxe3 15. Nxe3 Be6 16. O-O Rae8 17. Rae1 Bh3 18. Bd3 Qg5 19. f4 Rxf4 20. Rxf4 Qxf4 21. gxh3 Nd4 22. Qf2 Nf3+ 23. Kf1 g5 24. Ng2 Nxh2+ 25. Kg1 Nf3+ 26. Qxf3 Qxf3 27. Rxe8+ Kf7 28. Re3 Qd1+ 29. Kf2 Qa1 30. Re2 h6 31. Ne3 Qxa2 32. Be4 c6 33. b4 Qa3 34. b5 Qc5 35. bxc6 bxc6 36. Rd2 a5 37. Kf3 a4 38. Rf2 a3 39. Kg4+ Ke8 40. Bg6+ Kd8 41. Rf8+ Kc7 42. Nf5 Qg1+ 43. Kh5 Qd1+ 44. Kxh6 a2 0-1


[Site "https://www.chess.com"]

[Event "Titled Tuesday Blitz May 30 Early 2023"]
[White "vlajkovicS"]
[Black "Rosenberg, Evan S"]
[BlackFideId "2019299"]
[WhiteElo "2617"]
[BlackElo "2332"]
[Result "1-0"]
[Round "11"]
[TimeControl "180+2"]
[Date "2023.05.30"]
[WhiteClock "0:01:44"]
[BlackClock "0:00:47"]

1. Nf3 d5 2. c4 d4 3. d3 Nc6 4. g3 e5 5. Bg2 Bb4+ 6. Nbd2 a5 7. a3 Be7 8. b3 Nf6 9. O-O O-O 10. Rb1 h6 11. b4 axb4 12. axb4 Bxb4 13. Nxe5 Nxe5 14. Rxb4 c5 15. Rb5 Qc7 16. Nb3 Ned7 17. Bf4 Qd8 18. Nxc5 Nxc5 19. Rxc5 Ra2 20. Rb5 Re8 21. Re1 Bg4 22. Re5 g5 23. Rxe8+ Qxe8 24. Bd2 b6 25. h3 Bh5 26. g4 Bg6 27. Bb4 Nd7 28. Bd6 Qe6 29. Bg3 Nc5 30. Bd5 Qe7 31. Bf3 Kg7 32. Qb1 Rd2 33. Rd1 Rxe2 34. Bxe2 Qxe2 35. Re1 Qxd3 36. Qxb6 Qxc4 37. Be5+ Kh7 38. Qf6 Ne6 39. Qh8# 1-0


[Site "https://www.chess.com"]

[Event "Titled Tuesday Blitz May 30 Early 2023"]
[White "Omariev, Maksim"]
[Black "Dehtiarov, Roman"]
[WhiteFideId "4193423"]
[BlackFideId "14186640"]
[WhiteElo "2470"]
[BlackElo "2189"]
[Result "0-1"]
[Round "11"]
[TimeControl "180+2"]
[Date "2023.05.30"]
[WhiteClock "0:00:00"]
[BlackClock "0:00:05"]

1. e4 e5 2. Nf3 Nc6 3. Bb5 a6 4. Ba4 Nf6 5. O-O Be7 6. Re1 b5 7. Bb3 d6 8. d3 O-O 9. a3 Na5 10. Ba2 c5 11. Nc3 h6 12. h3 Be6 13. Ne2 Nc6 14. Ng3 Re8 15. c3 Bf8 16. b4 g6 17. Bb2 Bg7 18. d4 Bxa2 19. Rxa2 exd4 20. cxd4 cxb4 21. d5 b3 22. Qxb3 Na5 23. Qd3 Nc4 24. Ba1 Nd7 25. Nd4 Nc5 26. Qf3 Qf6 27. Nc6 Qxf3 28. gxf3 f5 29. Bxg7 Kxg7 30. Kf1 h5 31. exf5 Rxe1+ 32. Kxe1 h4 33. Ne4 Nd3+ 34. Kf1 gxf5 35. Ng5 Nf4 36. Nd4 Kf6 37. Nde6 Nxd5 38. f4 Nxf4 39. Nxf4 Kxg5 40. Ne6+ Kf6 41. Nc7 Ra7 42. Nd5+ Ke5 43. Nb4 Ra8 44. a4 bxa4 45. Rxa4 d5 46. Nxa6 Kd6 47. Ra2 Ra7 48. Ke2 Ne5 49. Ke3 Nc6 0-1


[Site "https://www.chess.com"]

[Event "Titled Tuesday Blitz May 30 Early 2023"]
[White "Romkachess"]
[Black "Marn, Jan"]
[BlackFideId "14619245"]
[WhiteElo "2541"]
[BlackElo "2242"]
[Result "1-0"]
[Round "11"]
[TimeControl "180+2"]
[Date "2023.05.30"]
[WhiteClock "0:01:00"]
[BlackClock "0:01:18"]

1. e4 e5 2. d4 exd4 3. Qxd4 Nc6 4. Qe3 Nf6 5. Nc3 Be7 6. Bd2 d5 7. exd5 Nxd5 8. Nxd5 Qxd5 9. c4 Qe6 10. O-O-O O-O 11. Qxe6 Bxe6 12. Nf3 Rad8 13. Bf4 Rxd1+ 14. Kxd1 Rd8+ 15. Kc1 Nb4 16. a3 Nd3+ 17. Bxd3 Rxd3 18. Bxc7 Bxc4 19. Re1 Kf8 20. Bb8 a6 21. Ne5 Rd4 22. Ba7 Bg5+ 23. Kb1 Bd3+ 24. Nxd3 Rxd3 25. Bc5+ 1-0


[Site "https://www.chess.com"]

[Event "Titled Tuesday Blitz May 30 Early 2023"]
[White "Zaitsev, Alexander"]
[Black "surrenderPLS"]
[WhiteFideId "4164490"]
[WhiteElo "2373"]
[BlackElo "2513"]
[Result "0-1"]
[Round "11"]
[TimeControl "180+2"]
[Date "2023.05.30"]
[WhiteClock "0:00:00"]
[BlackClock "0:00:05"]

1. e4 c5 2. Nf3 d6 3. d4 cxd4 4. Qxd4 Nf6 5. Nc3 Nc6 6. Bb5 Bd7 7. Bxc6 Bxc6 8. Bg5 e6 9. O-O-O Be7 10. Rhe1 Qa5 11. Kb1 h6 12. Bh4 g5 13. Bg3 e5 14. Qd3 Rc8 15. Nd2 b5 16. Nb3 Qb6 17. Qe2 b4 18. Nd5 Nxd5 19. exd5 Bb5 20. Qf3 Qc7 21. Rd2 O-O 22. h4 f5 23. Bxe5 dxe5 24. d6 Bxd6 25. Qd5+ Kg7 26. Qxb5 Rfd8 27. hxg5 hxg5 28. g4 fxg4 29. Qe2 Qc4 30. Qe3 Qf4 31. Qxa7+ Rc7 32. Qb6 Rcd7 33. Red1 Qf6 34. Nc5 Bxc5 35. Rxd7+ Rxd7 36. Rxd7+ Be7 37. Qxb4 Kf7 38. Qc4+ Qe6 39. Qd3 e4 40. Qd2 e3 41. fxe3 g3 42. Rd4 Qf6 43. Qg2 Qf2 44. Qxf2+ gxf2 45. Rd1 g4 46. Rf1 g3 47. Kc1 Bh4 48. Kd1 g2 49. Ke2 g1=Q 0-1


[Site "https://www.chess.com"]

[Event "Titled Tuesday Blitz May 30 Early 2023"]
[White "Jovic, Stanoje"]
[Black "Ginzburg, Yakov"]
[WhiteFideId "905020"]
[BlackFideId "4157176"]
[WhiteElo "2236"]
[BlackElo "2305"]
[Result "1-0"]
[Round "11"]
[TimeControl "180+2"]
[Date "2023.05.30"]
[WhiteClock "0:02:27"]
[BlackClock "0:01:59"]

1. c4 c6 2. e4 d5 3. exd5 cxd5 4. cxd5 Nf6 5. Qa4+ Bd7 6. Qb3 Bc8 7. Nc3 Nbd7 8. Nf3 Nb6 9. a4 Nbxd5 10. Bb5+ Bd7 11. Nxd5 Nxd5 12. Qxd5 a6 13. Ne5 e6 14. Bxd7+ Ke7 15. Qxb7 Kf6 16. Nc6 1-0


[Site "https://www.chess.com"]

[Event "Titled Tuesday Blitz May 30 Early 2023"]
[White "Lehtosaari, Mauri"]
[Black "Srdanovic, Jovana"]
[WhiteFideId "501999"]
[BlackFideId "954810"]
[WhiteElo "2512"]
[BlackElo "2169"]
[Result "1-0"]
[Round "11"]
[TimeControl "180+2"]
[Date "2023.05.30"]
[WhiteClock "0:00:08"]
[BlackClock "0:00:04"]

1. d4 a6 2. c3 h6 3. a4 d5 4. Nf3 Nf6 5. Bf4 c6 6. e3 Bg4 7. Nbd2 Nbd7 8. h3 Bh5 9. a5 Ne4 10. Be2 Nxd2 11. Qxd2 Bxf3 12. Bxf3 e6 13. Qc2 Be7 14. Qb3 Qc8 15. O-O O-O 16. Rac1 c5 17. c4 Nf6 18. Be5 cxd4 19. cxd5 Qd7 20. Rc7 Qd8 21. dxe6 dxe3 22. fxe3 Bd6 23. exf7+ Kh8 24. Bxd6 Qxd6 25. Rxb7 Qc5 26. Qb6 Qg5 27. b4 Rad8 28. Qc5 Qg6 29. Qe7 Qg5 30. e4 Qe3+ 31. Kh1 Qc3 32. e5 Qd3 33. Rg1 Ne4 34. Bxe4 Qxe4 35. e6 Qf5 36. Rb6 Kh7 37. Qc5 Qg6 38. e7 Rd3 39. exf8=Q Qe6 40. Qg8+ Kg6 41. Qf2 Rd5 42. Qf3 Rg5 43. Kh2 Qd6+ 44. Rxd6# 1-0


[Site "https://www.chess.com"]

[Event "Titled Tuesday Blitz May 30 Early 2023"]
[White "robertoalejandro10"]
[Black "Ljukin, Sergei"]
[BlackFideId "14102200"]
[WhiteElo "2509"]
[BlackElo "2312"]
[Result "0-1"]
[Round "11"]
[TimeControl "180+2"]
[Date "2023.05.30"]
[WhiteClock "0:00:04"]
[BlackClock "0:00:06"]

1. e4 e6 2. d4 d5 3. exd5 exd5 4. Nf3 Nf6 5. Bd3 c5 6. dxc5 Bxc5 7. O-O O-O 8. Nc3 h6 9. h3 Nc6 10. Bf4 Bb4 11. a3 Bxc3 12. bxc3 Ne4 13. c4 Bf5 14. Re1 Re8 15. cxd5 Qxd5 16. Bxe4 Bxe4 17. Qxd5 Bxd5 18. Ne5 Nd4 19. Rac1 f6 20. Ng6 Ne2+ 21. Kh2 Nxc1 22. Rxc1 Re2 23. Be3 Be4 24. Nf4 Rxc2 25. Rd1 Rac8 26. Bxa7 Ra2 27. Rd7 Rxa3 28. Be3 Bf5 29. Rxb7 Rac3 30. Nh5 R3c7 31. Rxc7 Rxc7 32. g4 Be4 33. Nf4 Kf7 34. Kg3 g5 35. Ng2 Bxg2 36. Kxg2 Ke6 37. Kg3 Rc3 38. h4 Kd5 39. hxg5 hxg5 40. Kf3 Rb3 41. Kg2 Ke4 42. Bc5 Kf4 43. Be7 Rb6 44. Kh3 Rb3+ 45. Kg2 Rb6 46. Kh3 Re6 47. Bd8 Rd6 48. Be7 Rc6 49. Bd8 Re6 50. Bc7+ Kf3 51. Kh2 Kxg4 52. Kg2 Kf5 53. Ba5 Ke4 54. Bc3 f5 55. Bd2 f4 56. Bb4 Rc6 57. Be7 g4 58. Bh4 Rc2 59. Kg1 Kf3 60. Bg5 Rc1+ 61. Kh2 g3+ 62. fxg3 fxg3+ 63. Kh3 Rh1# 0-1


[Site "https://www.chess.com"]

[Event "Titled Tuesday Blitz May 30 Early 2023"]
[White "Baches Garcia, Guillermo"]
[Black "Matveeva, Olga"]
[WhiteFideId "2209764"]
[BlackFideId "24107018"]
[WhiteElo "2508"]
[BlackElo "2009"]
[Result "1/2-1/2"]
[Round "11"]
[TimeControl "180+2"]
[Date "2023.05.30"]
[WhiteClock "0:01:19"]
[BlackClock "0:01:39"]

1. Nc3 d5 2. d4 Nf6 3. Bf4 c6 4. e3 g6 5. h4 Bg7 6. h5 Nxh5 7. Rxh5 gxh5 8. Qxh5 Nd7 9. Nf3 Nf6 10. Qh2 Bf5 11. O-O-O Qa5 12. Ne5 Ne4 13. Nxe4 Bxe4 14. Kb1 Rf8 15. f3 Bg6 16. Bd3 O-O-O 17. g4 1/2-1/2


[Site "https://www.chess.com"]

[Event "Titled Tuesday Blitz May 30 Early 2023"]
[White "Llanos, Guillermo"]
[Black "Manukian, Artak"]
[WhiteFideId "100358"]
[BlackFideId "13301373"]
[WhiteElo "2225"]
[BlackElo "2130"]
[Result "0-1"]
[Round "11"]
[TimeControl "180+2"]
[Date "2023.05.30"]
[WhiteClock "0:00:02"]
[BlackClock "0:00:23"]

1. d4 d5 2. c4 dxc4 3. Nf3 Nf6 4. e3 e6 5. Bxc4 c5 6. Qe2 a6 7. dxc5 Bxc5 8. O-O O-O 9. e4 Nc6 10. e5 Nd5 11. Bd3 g6 12. Bh6 Re8 13. Nbd2 Bf8 14. Bxf8 Kxf8 15. Ne4 Nf4 16. Qe3 Nxd3 17. Rfd1 Kg7 18. Rxd3 Qe7 19. Rad1 Nb4 20. Rd6 Nd5 21. Qd4 b5 22. Neg5 Bb7 23. h4 Rac8 24. h5 Rc4 25. Qa7 Ra8 26. R6xd5 Rxa7 27. Rd7 Bd5 28. Rxe7 Rxe7 29. hxg6 hxg6 30. Nd4 Rec7 31. Kh2 b4 32. Rd2 a5 33. Kg3 a4 34. Kf4 a3 35. bxa3 bxa3 36. f3 Rb4 37. Ke3 Rc3+ 38. Ke2 Rb2 39. Nh3 Bxa2 40. Nf4 Bc4+ 0-1


[Site "https://www.chess.com"]

[Event "Titled Tuesday Blitz May 30 Early 2023"]
[White "Lorparizangeneh, Shahin"]
[Black "Goswami, Vedant"]
[WhiteFideId "12521604"]
[BlackFideId "5003725"]
[WhiteElo "2526"]
[BlackElo "2011"]
[Result "1-0"]
[Round "11"]
[TimeControl "180+2"]
[Date "2023.05.30"]
[WhiteClock "0:01:48"]
[BlackClock "0:00:31"]

1. e4 c6 2. d4 d5 3. exd5 cxd5 4. Bd3 g6 5. Nf3 Bg7 6. c3 Nc6 7. O-O Bg4 8. Nbd2 e6 9. Qb3 Rb8 10. Ne5 Bxe5 11. dxe5 Bf5 12. Bb5 Ne7 13. Nf3 a6 14. Be2 h6 15. Nd4 Nxd4 16. cxd4 Nc6 17. Be3 Kf8 18. g4 Qh4 19. gxf5 gxf5 20. f4 Rg8+ 21. Kh1 Qh3 22. Rg1 Ke7 23. Qa3+ Kd7 24. Qd6+ 1-0


[Site "https://www.chess.com"]